AoeStats
← Rain

Oasis

510057280Analyzed
3v3 RM · 4d ago on Sep 29, 2026· 12m 32s· 6 players
Game mode
Random Map
Map size
Normal (6 player)
Population
200
Speed
Normal
Resources
Standard
Victory
Conquest
Starting age
Dark Age
Ending age
Imperial Age
RankedLock teamsTeams togetherTeam positionsShared explorationLock speedFull tech treeHidden civsTurbo modeCheats
Victory
Defeat
🇭🇰 Persians · Hong Kong SAR China
1036
+14
🇸🇬 Mongols · Singapore
1022
+42
🇨🇳 Gurjaras · China
984
+16
🇬🇧 Poles · United Kingdom
1035
-17
🇮🇳 Persians · India
981
-15
954
-13
Brutalist Ape
1:17 Loom
12:40 Feudal Age
TheB0ldOne
10:05 Feudal Age
10:30 Double-Bit Axe
10:58 Loom
Person of non-colour (He/ Him)
0:31 Loom
code monkey HK
6:10 Loom
12:50 Feudal Age
伐木人
10:39 Feudal Age
11:59 Double-Bit Axe
12:51 Loom
Rain
8:19 Feudal Age
8:57 Double-Bit Axe
9:22 Double-Bit Axe
10:01 Horse Collar
Connection lost

Rejoining the realm…

Still unreachable

The connection could not be restored.

Session expired

The server has moved on; the page needs a fresh start.